 Dungeon Crawl Stone Soup version bcrawl-1.26.1 (webtiles) character file.

Game seed: 451944240405555990

120502 Freyura the Sneak (level 2, 15/15 HPs)
             Began as a Spriggan Spelunker on July 10, 2020.
             Got out of the dungeon alive.
             The game lasted 00:04:26 (761 turns).

Freyura the Sneak (Spriggan Spelunker)               Turns: 761, Time: 00:04:27

Health: 15/15      AC:  2    Str:  8    XL:     2   Next: 96%
Magic:  6/6        EV: 17    Int: 13    God:
Gold:   65         SH:  0    Dex: 15    Spells: 3/6 levels left

rFire    . . .     SeeInvis +   a - +1 dagger
rCold    . . .     Gourm    .   (shield restricted)
rNeg     . . .     Faith    .   b - +0 robe
rPois    .         Spirit   .   (helmet restricted)
rElec    .         Reflect  .   (no cloak)
rCorr    .         Harm     .   (gloves unavailable)
MR       .....                  (boots unavailable)
Stlth    +++.......             (no amulet)
HPRegen  0.05/turn              (no ring)
MPRegen  0.10/turn              (no ring)

@: very quick
A: very small, unfitting armour, see invisible, herbivore, speed 3, slow
metabolism 2
a: no special abilities


You escaped.
You were not hungry.

You visited 1 branch of the dungeon, and saw 1 of its levels.

You collected 65 gold pieces.

Inventory:

Hand Weapons
 a - a +1 dagger (weapon)
Armour
 b - a +0 robe (worn)
 c - a +0 robe
Wands
 d - a wand of digging (10)
Scrolls
 f - a scroll of noise
 h - a scroll of magic mapping {unknown}
 i - 2 scrolls of teleportation {unknown}
 j - 4 scrolls of remove curse {unknown}
Potions
 k - a potion of mutation {unknown}
 l - a potion of heal wounds {unknown}
 m - a potion of flight {unknown}
Miscellaneous
 g - a lamp of fire
Comestibles
 e - 3 rations {!d}


   Skills:
 + Level 1.9 Fighting
 + Level 2.8 Short Blades
 + Level 1.6 Dodging
 + Level 5.2 Stealth
 - Level 2.6 Spellcasting
 - Level 2.4 Hexes
 - Level 2.7 Transmutations
 - Level 1.7 Earth Magic
 + Level 3.1 Evocations


You had 3 spell levels left.
You knew the following spells:

 Your Spells              Type           Power        Failure   Level  Hunger
a - Corona                Hex            #......      9%          1    #......
b - Passwall              Tmut/Erth      #.......     14%         2    ###....
Your spell library was empty.

Dungeon Overview and Level Annotations

Branches:
Dungeon (1/12)

Altars:


Innate Abilities, Weirdness & Mutations

You are very small and have problems with some larger weapons.
You are too small for most types of armour.
You have supernaturally acute eyesight. (SInv)
You are a herbivore.
You cover ground extremely quickly.
You need to consume almost no food.


Message History

A ball python comes into view.
The helpless ball python fails to defend itself.
You impale the ball python!!
You kill the ball python!
No target in view!
A leopard gecko comes into view.
Found a robe.
The helpless leopard gecko fails to defend itself.
You impale the leopard gecko!!
You kill the leopard gecko!
No target in view!
You see here a leopard gecko corpse.
Done exploring.
Done exploring.
Search for what [? for help]? weapon Unknown command.
You see here a spear.
There is a staircase leading out of the dungeon here.
Are you sure you want to leave the Dungeon?
This will make you lose the game!
You have escaped!

).........#.#>#.#..#####.##.#....
.#..#.....#.###.#........##.##..#
.#..#........#.....#####........#
............###....# #.).......
..........### ###..### #........#
.......#...## ##....# #.........
......##..#.# ##>..(.# #.........
#.#######.>## #.#..#.###.........
#.# #รท## ##@................ ..#
#.### ###..#.####.....##. ###
#...###......# #.....##.
###....#.......#####.#####.
#...#.###.#.##.....[..# ##
###.#.#.#>#.#.##..####..#
#.................####..#
#.................##....#
#.....####........##.##.#


There were no monsters in sight!

Vanquished Creatures
  2 oozes (D:1)
  A dart slug (D:1)
  A leopard gecko (D:1)
  2 ball pythons (D:1)
  2 bats (D:1)
  A goblin (D:1)
  3 jackals (D:1)
  A frilled lizard (D:1)
  A kobold (D:1)
  3 rats (D:1)
17 creatures vanquished.

Notes
Turn   | Place    | Note
-------+----------+-------------------------------------------
     0 | D:1      | Freyura the Spriggan Spelunker began the quest for the Orb.
     0 | D:1      | Reached XP level 1. HP: 10/10 MP: 5/5
   189 | D:1      | Reached skill level 5 in Stealth
   208 | D:1      | Reached skill level 1 in Dodging
   208 | D:1      | Reached XP level 2. HP: 9/15 MP: 6/6
   761 | D:$      | Got out of the dungeon alive.

Skill      XL: |  1  2 |
---------------+-------+-----
Stealth        | 5 |  5.2
Dodging        | 1 |  1.6
Evocations     | 3 |  3.1
Fighting       | |  1.9
Short Blades   | |  2.8
Spellcasting   | |  2.6
Hexes          | |  2.4
Transmutations | |  2.7
Earth Magic    | |  1.7

Action                   || total
-------------------------++-------
Melee: Dagger            ||    65
  Use: Potion            ||     2
 Stab: Sleeping          ||     7
Armor: Robe              ||    11
Dodge: Dodged            ||    48
